 Dungeon Crawl Stone Soup version 0.31-a0-1616-gbeaec30b81 (webtiles) character file.

Game seed: 10283468455098926086

3332 BigPumpCobain the Grappler (level 9, -9/127 HPs)
             Began as a Troll Shapeshifter on Jan 10, 2024.
             Was a Follower of Trog.
             Mangled by a wyvern (10 damage)
             ... on level 8 of the Dungeon.
             The game lasted 00:09:03 (5878 turns).

BigPumpCobain the Grappler (Troll Shapeshifter)     Turns: 5878, Time: 00:09:03

Health: -9/127     AC:  5    Str: 28    XL:     9   Next: 71%
Magic:  8/8        EV: 10    Int:  6    God:    Trog [*.....]
Gold:   404        SH:  0    Dex:  9    Spells: 8/8 levels left

rFire   . .          .
                       - Unarmed
rCold   . . .        (no shield)
rNeg    . . .        a - +1 animal skin
rPois   +            (helmet currently unavailable)
rElec   .            (cloak currently unavailable)
rCorr   .            (gloves unavailable)
SInv    .            (boots unavailable)
Will    +....        (no amulet) Stlth
                     n - ring of poison resistance
HPRegen 1.21/turn    C - ring of willpower
MPRegen 0.11/turn

%: no passive effects
@: berserking, lethally poisoned (-9 -> -10), beast-form, slowed
A: beast (slay +4), large, unfitting armour, claws 3, regeneration 1, shaggy fur
1, tough skin 1
a: Begin Untransformation, Renounce Religion, Berserk


You were on level 8 of the Dungeon.
You worshipped Trog.
Trog was aware of your devotion.
You were a hulking beast.
You visited 2 branches of the dungeon, and saw 9 of its levels.

You collected 404 gold pieces.

Inventory:

Missiles
 x - a throwing net (quivered)
Armour
 a - a +1 animal skin (worn)
Jewellery
 f - an amulet of magic regeneration
 n - a ring of poison resistance (left claw)
 w - a ring of positive energy
 C - a ring of willpower (right claw)
Talismans
 c - a beast talisman
 d - a flux talisman
Wands
 t - a wand of mindburst (13)
 u - a wand of roots (6)
Scrolls
 i - 3 scrolls of revelation
 l - 3 scrolls of teleportation
 p - 2 scrolls of poison
 r - a scroll of amnesia
 v - a scroll of vulnerability
 y - a scroll of blinking
 z - 2 scrolls of fear {unknown}
 A - 2 scrolls of immolation
 B - a scroll of torment
Potions
 b - 3 potions of lignification
 e - a potion of enlightenment
 g - a potion of might
 h - a potion of cancellation {unknown}
 j - 4 potions of curing
 k - a potion of resistance {unknown}
 m - a potion of brilliance {unknown}
 o - a potion of heal wounds {unknown}
 q - a potion of invisibility {unknown}
 s - 4 potions of attraction {unknown}


   Skills:
 + Level 4.7 Fighting
 + Level 4.1 Dodging
 * Level 8.9 Unarmed Combat
 * Level 8.2 Shapeshifting


You had 8 spell levels left.
You didn't know any spells.
Your spell library contained the following spells:

 Spells                   Type           Power      Damage    Failure   Level
 Static Discharge         Conj/Air       0%         3-3/arc   58%         2
 Dazzling Flash           Conj/Hex       0%         N/A       83%         3
 Volatile Blastmotes      Fire/Tloc      0%         2d10      83%         3
 Airstrike                Air            0%         2d(0-16)  99%         4
 Fulminant Prism          Conj/Alch      0%         3d5       99%         4
 Iskenderun's Mystic Bla  Conj/Tloc      0%         2d3       99%         4
 Leda's Liquefaction      Alch/Erth      0%         N/A       99%         4
 Olgreb's Toxic Radiance  Alch           0%         N/A       99%         4
 Summon Lightning Spire   Summ/Air       0%         N/A       99%         4
 Discord                  Hex            0%         N/A       100%        8


Dungeon Overview and Level Annotations

Branches:
Dungeon (8/15)             Temple (1/1) D:7
   Lair: D:8-11

Altars:
Ashenzari
Cheibriados
Dithmenos
Elyvilon
Fedhas
Gozag
Kikubaaqudgha
Makhleb
Nemelex Xobeh
Okawaru
Qazlal
Ru
Trog
Uskayaw
Vehumet
Wu Jian
Xom
Yredelemnul
Zin

Shops:
D:6 =

Annotations:
D:6 Jeremiah


Innate Abilities, Weirdness & Mutations

You are a hulking beast.
Your limbs bulge with bestial killing power. (Slay +4)
You are too large for most types of armour.
You have claws for hands.
Your natural rate of healing is unusually fast.
You are covered in fur. (AC +1)
You have tough skin. (AC +1)


Message History

The hornet closely misses you.
You claw the hornet!
The hornet is heavily wounded.
You feel yourself speed up.
You feel sick.
The hornet stings you but does no damage.
The hornet closely misses you. The wyvern bites you!
You are too injured to fight recklessly!
You are too injured to fight recklessly!
You are too injured to fight recklessly!
You are too injured to fight recklessly!
You are too injured to fight recklessly!
You are too injured to fight recklessly!
A red film seems to cover your vision as you go berserk!
You feel yourself moving faster!
You feel mighty!
You feel sick. The hornet stings you.
You feel yourself slow down. The wyvern bites you. The hornet stings you.
You barely miss the hornet.
The hornet is heavily wounded.
You feel sick. The wyvern bites you. The hornet stings you.
You feel as though you will be slow longer.
The wyvern barely misses you.
You barely miss the hornet.
The hornet is heavily wounded.
You feel sick. The hornet stings you.
* * * LOW HITPOINT WARNING * * *
The wyvern closely misses you.
You miss the hornet.
The hornet is heavily wounded.
The hornet stings you!
* * * LOW HITPOINT WARNING * * *
You feel as though you will be slow longer.
The wyvern bites you!
* * * LOW HITPOINT WARNING * * *
You closely miss the hornet. You claw the hornet!
The hornet is almost dead.
You feel sick. The hornet stings you!
* * * LOW HITPOINT WARNING * * *
The wyvern bites you!
You die...

########## .........#
.........# ....>....#
.........#
......k..##############
......yh.#............##
.........'............'.
...).....#............##
.........#............#
.........#............# .
.........#............#
..........#............#
#'##....:..............#
###'##...................##


You could see a hornet and a wyvern.

Vanquished Creatures
  Sigmund (D:6)
  A shadow (D:7)
  3 vampire mosquitoes (D:8)
  A water moccasin (D:6)
  3 black bears
  An orc warrior (D:8)
  2 ice beasts
  2 sky beasts
  3 ogres
  2 centaurs (D:8)
  2 phantoms
  Blork the orc (D:6)
  A bullfrog (D:6)
  A gnoll sergeant (D:7)
  7 wights
  The ghost of innerfire43 the Magician, a weakling DsWn (D:3)
  2 howler monkeys (D:7)
  2 bullfrog zombies (D:3)
  3 hounds
  2 iguanas
  2 sleepcaps
  2 orc wizards (D:8)
  13 gnolls
  4 adders
  2 white imps
  4 ufetubi
  A dart slug (D:3)
  2 ribbon worms
  14 orcs
  10 bats
  5 endoplasms
  2 giant cockroaches
  4 goblins
  13 hobgoblins
  4 jackals (D:1)
  5 kobolds
  3 quokkas
  5 ball pythons
  7 frilled lizards
  2 rats
145 creatures vanquished.

Notes
Turn   | Place    | Note
-------+----------+-------------------------------------------
     0 | D:1      | BigPumpCobain the Troll Shapeshifter began the quest for
                  | the Orb.
     0 | D:1      | Reached XP level 1. HP: 18/18 MP: 0/0
   121 | D:1      | Reached skill level 1 in Fighting
   128 | D:1      | Reached XP level 2. HP: 24/27 MP: 1/1
   368 | D:1      | Reached XP level 3. HP: 33/33 MP: 2/2
  1508 | D:3      | Found a snail-covered altar of Cheibriados.
  1666 | D:3      | Reached XP level 4. HP: 41/41 MP: 3/3
  1756 | D:3      | Noticed a sky beast
  1757 | D:3      | Found a stormy altar of Qazlal.
  1765 | D:3      | Killed a sky beast
  1766 | D:3      | Reached XP level 5. HP: 27/49 MP: 4/4
  1864 | D:3      | Found a runed translucent gate.
  1864 | D:3      | Found a runed translucent gate.
  1865 | D:3      | Found a runed translucent gate.
  2000 | D:3      | Noticed innerfire43's ghost (weakling DsWn)
  2251 | D:3      | Killed innerfire43's ghost
  2259 | D:3      | Reached XP level 6. HP: 45/57 MP: 5/5
  2352 | D:5      | Entered Level 5 of the Dungeon
  2392 | D:4      | Reached skill level 5 in Unarmed Combat
  2601 | D:4      | Reached skill level 5 in Shapeshifting
  2613 | D:4      | Got the Dissertation on Pollution and Ill Luck
  3231 | D:5      | Reached XP level 7. HP: 66/66 MP: 6/6
  3640 | D:6      | Noticed Blork the orc
  3652 | D:6      | Killed Blork the orc
  3816 | D:6      | Found Xikhes's Jewellery Boutique.
  3824 | D:6      | Reached XP level 8. HP: 65/75 MP: 7/7
  4103 | D:6      | Noticed Sigmund
  4107 | D:6      | Killed Sigmund
  4565 | D:7      | Found a staircase to the Ecumenical Temple.
  4593 | Temple   | Entered the Ecumenical Temple
  4616 | Temple   | Became a worshipper of Trog the Wrathful
  4751 | D:7      | Noticed Jeremiah
  4792 | D:7      | Reached XP level 9. HP: 68/81 MP: 8/8
  4981 | D:7      | Found a white marble altar of Elyvilon.
  4984 | D:7      | Found a glowing silver altar of Zin.
  4987 | D:7      | Found an iron altar of Okawaru.
  4990 | D:7      | Found a basalt altar of Yredelemnul.
  5744 | D:8      | Reached * piety under Trog
  5878 | D:8      | HP: 1/127 [hornet (15)]
  5878 | D:8      | Mangled by a wyvern

Illustrated notes

Levels and vault maps discovered:
D:1:      doesnt_arrival_eight_statues, layout_loops_ring, minivault_25,
          minmay_pentomino_z2
D:2:      layout_loops_ring, minmay_misc_feat_room
D:3:      layout_loops_ring, lemuel_coloured_pillars_altar,
          nicolae_qazlal_beasts_of_the_sky, gammafunk_ghost_necromancy
D:4:      cheibrodos_helix_gallery, layout_cave_pools, serial_column_ruins,
          column_ruins_hut_pillars, column_ruins_circle_medium,
          column_ruins_open_small, column_ruins_open_small,
          column_ruins_open_small, column_ruins_open_small, column_ruins_grid_3,
          nicolae_houndstooth_variations
D:5:      layout_basic, minmay_door_square
D:6:      layout_basic, serial_shops, shop, uniq_sigmund, uniq_blork_the_orc
D:7:      layout_basic, nicolae_overflow_macrodata_refinement,
          minmay_temple_entry_tees, serial_aquarium, aquarium_bridge_straight
          [aquarium_subvault_bridge, aquarium_subvault_wall,
          aquarium_subvault_bridge, aquarium_subvault_wall],
          aquarium_window_corner, aquarium_window_2, aquarium_window_3,
          aquarium_view_2e, aquarium_view_2b, aquarium_balcony_3a,
          aquarium_pool_1, uniq_jeremiah
D:8:      layout_basic
Temple:   oiseaux_autumnal_temple

Skill      XL: |  1  2  3  4  5  6  7  8  9 |
---------------+----------------------------+-----
Fighting       | 1 2 3 4 |  4.7
Unarmed Combat | 4 5 6 7 8 |  8.9
Shapeshifting  | 4 5 6 7 8 |  8.2
Dodging        | 2 3 4 |  4.1

Action                     |  1- 3 |  4- 6 |  7- 9 || total
---------------------------+-------+-------+-------++-------
  Melee: Unarmed           |   139 |    99 |   211 ||   449
         Punch             |     3 |     4 |    10 ||    17
 Invoke: Berserk           |       |       |     2 ||     2
  Evoke: Wand              |       |       |    12 ||    12
    Use: Scroll            |     3 |     3 |     6 ||    12
 Armour: Animal skin       |    85 |    75 |   173 ||   333
  Dodge: Dodged            |    72 |    43 |   101 ||   216

Table legend: (Time is in decaauts)
 A = Elapsed time spent in this place.
 B = Non-inter-level travel time spent in this place.
 C = Inter-level travel time spent in this place.
 D = Time resting spent in this place.
 E = Time spent auto-exploring this place.
 F = Levels seen in this place.
 G = Mean time per level.
                   A        B        C        D        E       F      G
               +--------+--------+--------+--------+--------+-----+--------+
         Total |   5839 |   5604 |    235 |    235 |   4449 |   9 |  648.8 |
       Dungeon |   5792 |   5602 |    190 |    235 |   4449 |   8 |  724.0 |
        Temple |     46 |      1 |     45 |      0 |      0 |   1 |   46.0 |
               +--------+--------+--------+--------+--------+-----+--------+

Top non-repeatable levels by time:
     D:6: 1012 daAuts
     D:3: 845 daAuts
     D:7: 808 daAuts
     D:1: 762 daAuts
     D:5: 746 daAuts
     D:2: 690 daAuts
     D:4: 550 daAuts
     D:8: 376 daAuts
  Temple: 46 daAuts
